 Dungeon Crawl Stone Soup version 0.24-a0-208-g17bec22d17 (webtiles) character file.

Game seed: 17300012828370660239

1450 M4edhros the Covert (level 8, -5/48 HPs)
             Began as an Octopode Artificer on Mar 29, 2019.
             Slain by Duvessa
             ... wielding a +0 short sword
              (9 damage)
             ... on level 5 of the Dungeon.
             The game lasted 00:08:56 (3538 turns).

M4edhros the Covert (Octopode Artificer)            Turns: 3538, Time: 00:08:57

Health: -5/48      AC:  1    Str: 11    XL:     8   Next: 75%
Magic:  22/22      EV: 13    Int: 18    God:
Gold:   165        SH:  0    Dex: 15    Spells: 7/12 levels left

rFire    . . .     SeeInvis .   a - +0 short sword
rCold    . . .     Gourm    .   (no shield)
rNeg     . . .     Faith    .   (helmet restricted)
rPois    +         Spirit   .   j - amulet of magic regeneration
rElec    .         Reflect  .   i - ring of poison resistance
rCorr    .         Harm     .   l - ring of magical power
MR       .....                  m - +5 ring of intelligence
Stlth    +++++.....             (no ring)
HPRegen  0.16/turn              (no ring)
MPRegen  0.43/turn              (no ring)
                                (no ring)
                                (no ring)

@: no status effects
A: almost no armour, stealthy swim, amphibious, 8 rings, constrict 8, camouflage
1, gelatinous body 1
a: no special abilities


You were on level 5 of the Dungeon.
You were very hungry.

You visited 1 branch of the dungeon, and saw 7 of its levels.

You collected 165 gold pieces.

Inventory:

Hand Weapons
 a - a +0 short sword (weapon)
Jewellery
 i - a ring of poison resistance (left tentacle)
 j - an amulet of magic regeneration (around mantle)
 l - a ring of magical power (right tentacle)
 m - a +5 ring of intelligence (on tentacle)
Wands
 b - a wand of flame (17)
 c - a wand of enslavement (4)
 k - a wand of paralysis (4)
Scrolls
 d - a scroll of amnesia {unknown}
 e - 2 scrolls of enchant armour {unknown}
 g - a scroll of teleportation {unknown}
 h - 3 scrolls of identify {unknown}
 n - 2 scrolls of blinking {unknown}
 o - a scroll of fear {unknown}
Potions
 p - a potion of brilliance {unknown}
Comestibles
 f - 9 rations


   Skills:
 - Level 1.0 Fighting
 - Level 1.0 Short Blades
 - Level 2.0 Dodging
 + Level 8.9 Stealth
 * Level 2.7 Spellcasting
 * Level 3.1 Conjurations
 * Level 3.0 Hexes
 + Level 7.5 Evocations


You had 7 spell levels left.
You knew the following spells:

 Your Spells              Type           Power        Failure   Level  Hunger
a - Searing Ray           Conj           ##....       7%          2    ##.....
b - Dazzling Spray        Conj/Hex       ##....       14%         3    ###....

Your spell library contained the following spells:

 Spells                   Type           Power        Failure   Level  Hunger
 Magic Dart               Conj           ##..         4%          1    #......
 Fulminant Prism          Conj/Hex       ##........   43%         4    #####..
 Iskenderun's Mystic Bla  Conj           ##......     43%         4    #####..
 Force Lance              Conj/Tloc      #.......     65%         4    #####..


Dungeon Overview and Level Annotations

Branches:
Dungeon (7/15)
 Temple: D:4-7

Altars:
Dithmenos
Elyvilon
Trog
Uskayaw

Shops:
D:6 [

Annotations:
D:4 Eustachio
D:5 Dowan, Duvessa


Innate Abilities, Weirdness & Mutations

You cannot wear most types of armour.
You are very stealthy in the water. (Stealth+)
You are amphibious.
You can wear up to eight rings at the same time.
You can use your tentacles to constrict eight enemies at once.
Your skin changes colour to match your surroundings (Stealth+).
Your rubbery body absorbs attacks. (AC +1, EV +1)


Message History

Your orc priest miscasts a cantrip.
Dowan hits the crimson imp but does no damage.
The crimson imp closely misses you.
Dowan casts a spell.
Dowan blinks!
Duvessa closely misses Dowan.
You see here 2 tomahawks.
Evoke which item? (* to show all) (? for menu, Esc to quit)
Aiming: Enslavement
Press: ? - help, Shift-Dir - straight line Duvessa resists with some effort.
Dowan barely misses the crimson imp.
Evoke which item? (* to show all) (? for menu, Esc to quit)
Aiming: Enslavement
Press: ? - help, Shift-Dir - straight line, f - orc priest
Aim: an orc priest (moderately wounded, in your thrall, friendly, chance to defeat MR: 67%) Duvessa resists with some effort.
Dowan is no longer charmed.
The crimson imp hits you.
* * * LOW HITPOINT WARNING * * *
Duvessa hits you with a +0 short sword!
You die...

########
##......##
##........##
#..........#
#..........#
#.@5.......#
#.ee.......# ####
#.o).......#
.....###)(......##
.
oo..............##
.
#######....>.....#
#....).$...# o
#..........# ###..
#..........#


You could see Duvessa, Dowan, a crimson imp and a friendly orc priest.

Vanquished Creatures
  Menkaure (D:6)
  2 water moccasins
  A sky beast (D:7)
  An orc warrior (D:6)
  2 ogres (D:6)
  A centaur (D:6)
  A big kobold (D:7)
  A bullfrog (D:6)
  A scorpion (D:7)
  3 killer bees (D:7)
  A howler monkey (D:4)
  2 crimson imps
  3 worker ants
  A hound skeleton (D:7)
  A worker ant zombie (D:7)
  4 gnolls (D:7)
  2 adders
  A shadow imp (D:7)
  2 adder skeletons (D:7)
  A leopard gecko (D:1)
  6 orcs
  A ball python (D:1)
  A giant cockroach (D:6)
  A goblin (D:1)
  A hobgoblin (D:1)
  3 jackals (D:6)
  3 kobolds
  2 quokkas
  A bat (D:3)
  A leopard gecko zombie (D:6)
  2 rats
54 creatures vanquished.

Vanquished Creatures (collateral kills)
  A phantom (D:5)
  3 orcs (D:5)
  A giant cockroach (D:5)
5 creatures vanquished.

Vanquished Creatures (others)
  A killer bee (D:7)
1 creature vanquished.

Grand Total: 60 creatures vanquished

Notes
Turn   | Place    | Note
-------+----------+-------------------------------------------
     0 | D:1      | M4edhros the Octopode Artificer began the quest for the
                  | Orb.
     0 | D:1      | Reached XP level 1. HP: 13/13 MP: 3/3
   321 | D:1      | Reached skill level 2 in Stealth
   325 | D:1      | Reached XP level 2. HP: 18/18 MP: 4/4
   619 | D:4      | Noticed Eustachio
   619 | D:4      | Noticed a howler monkey
   640 | D:4      | Reached skill level 3 in Stealth
   649 | D:4      | Killed a howler monkey
   649 | D:4      | Reached skill level 4 in Stealth
   649 | D:4      | Reached XP level 3. HP: 19/23 MP: 4/6
   649 | D:4      | Reached XP level 4. HP: 23/28 MP: 4/7
   659 | D:5      | Entered Level 5 of the Dungeon
   944 | D:6      | Found Kewkam's Antique Armour Shoppe.
   987 | D:6      | Found a hide-covered altar of Uskayaw.
   988 | D:6      | Found a white marble altar of Elyvilon.
   989 | D:6      | Found a bloodstained altar of Trog.
   991 | D:6      | Found a shadowy altar of Dithmenos.
  1001 | D:6      | Noticed Menkaure
  1012 | D:6      | Killed Menkaure
  1012 | D:6      | Reached skill level 5 in Stealth
  1012 | D:6      | Reached skill level 5 in Evocations
  1012 | D:6      | Reached XP level 5. HP: 5/33 MP: 8/8
  1189 | D:6      | Noticed an orc warrior
  1526 | D:6      | Reached XP level 6. HP: 29/38 MP: 10/10
  1550 | D:6      | Reached skill level 6 in Stealth
  1585 | D:6      | Killed an orc warrior
  1669 | D:6      | Reached skill level 7 in Stealth
  1670 | D:6      | Noticed a water moccasin
  1677 | D:6      | Killed a water moccasin
  1677 | D:6      | Reached XP level 7. HP: 37/43 MP: 11/11
  1907 | D:6      | Reached skill level 8 in Stealth
  2121 | D:7      | Learned a level 2 spell: Searing Ray
  2125 | D:7      | Learned a level 3 spell: Dazzling Spray
  2235 | D:7      | Reached skill level 1 in Spellcasting
  2235 | D:7      | Reached skill level 1 in Conjurations
  2235 | D:7      | Reached skill level 1 in Hexes
  2367 | D:6      | Reached XP level 8. HP: 47/48 MP: 13/13
  3482 | D:5      | Noticed Duvessa
  3482 | D:5      | Noticed Dowan
  3538 | D:5      | Slain by Duvessa

Levels and vault maps discovered:
D:1:      co_arrival_square_in_a_square_in_a_square, layout_basic
D:2:      layout_loops_ring
D:3:      layout_basic, overflow_temple_1_default, okawaru_gym_becter
D:4:      gammafunk_wand_slinger, layout_basic, grunt_temple_overflow_opulence,
          chequers_temple_overflow_statue_of_worship,
          minmay_temple_entry_statues_pillars, gammafunk_ghost_mausoleum,
          first_ration, serial_shops, nicolae_shop_crystal,
          nicolae_shop_crystal, minmay_manual_mail, uniq_eustachio, uniq_sigmund
D:5:      layout_rooms, uniq_duvessa
D:6:      layout_basic, grunt_temple_overflow_open, serial_shops,
          nicolae_shop_stone, uniq_menkaure
D:7:      layout_basic

Skill      XL: |  1  2  3  4  5  6  7  8 |
---------------+-------------------------+-----
Stealth        | 2 4 5 7 8 |  8.9
Evocations     | 4 5 6 7 |  7.5
Spellcasting   | 1 2 |  2.7
Conjurations   | 1 3 |  3.1
Hexes          | 1 3 |  3.0
Fighting       | |  1.0
Short Blades   | |  1.0
Dodging        | |  2.0

Action                   |  1- 3 |  4- 6 |  7- 9 || total
-------------------------+-------+-------+-------++-------
Melee: Short sword       |    21 |    30 |    94 ||   145
       Constrict         |     7 |     7 |    20 ||    34
       Tentacles         |     6 |     4 |    15 ||    25
Evoke: Wand              |     1 |    15 |    26 ||    42
 Stab: Sleeping          |     2 |     4 |     7 ||    13
       Distracted        |       |     1 |       ||     1
       Paralysed         |       |       |     3 ||     3
  Eat: Chunk             |       |     2 |     5 ||     7
Armor: Skin              |     1 |       |     5 ||     6
Dodge: Dodged            |    12 |    22 |    67 ||   101

Table legend:
 A = Non-vault XP
 B = Vault XP
 C = Vault XP percentage of total XP
 D = Non-vault monster count
 E = Vault monster count
 F = Vault count percentage of total count
                 A         B        C        D         E       F
            +---------+---------+-------+---------+---------+-------
      Total |    1900 |     172 |   8.3 |      58 |       1 |   1.7
            +---------+---------+-------+---------+---------+-------
        D:1 |      10 |       0 |   0.0 |       5 |       0 |   0.0
        D:2 |      18 |       0 |   0.0 |       4 |       0 |   0.0
        D:3 |       1 |       0 |   0.0 |       1 |       0 |   0.0
        D:4 |      58 |       0 |   0.0 |       2 |       0 |   0.0
        D:5 |      73 |       0 |   0.0 |       7 |       0 |   0.0
        D:6 |     817 |     172 |  17.4 |      16 |       1 |   5.9
        D:7 |     923 |       0 |   0.0 |      23 |       0 |   0.0
            +---------+---------+-------+---------+---------+-------
